 Dungeon Crawl Stone Soup version 0.31-a0-236-g9a0961fb85 (webtiles) character file.

Game seed: 2078933189807735866

819 Cidec the Cleaver (level 7, -1/50 HPs)
             Began as a Demonspawn Gladiator on July 10, 2023.
             Succumbed to a water moccasin's poison
             ... on level 5 of the Dungeon.
             The game lasted 00:07:40 (3939 turns).

Cidec the Cleaver (Demonspawn Gladiator)            Turns: 3939, Time: 00:07:41

Health: -1/50      AC:  9    Str: 23    XL:     7   Next: 63%
Magic:  7/7        EV:  9    Int:  9    God:
Gold:   354        SH:  0    Dex: 16    Spells: 6/6 levels left

rFire   . . .        a - +0 war axe
rCold   . . .        (no shield)
rNeg    . . .        f - +0 chain mail
rPois   .            c - +0 helmet
rElec   .            (no cloak)
rCorr   .            (no gloves)
SInv    .            (no boots)
Will    .....        (no amulet) Stlth
                     j - +6 ring of strength
HPRegen 0.28/turn    (no ring)
MPRegen 0.10/turn

%: no passive effects
@: lethally poisoned (-1 -> -15), studying Ranged Weapons
A: thin skeletal structure 1, powered by death 2, demonic touch 1
a: no special abilities


You were on level 5 of the Dungeon.
You visited 1 branch of the dungeon, and saw 6 of its levels.

You collected 354 gold pieces.

Inventory:

Hand Weapons
 a - a +0 war axe (weapon)
Missiles
 d - 4 throwing nets (quivered)
 e - a javelin
Armour
 b - a +0 leather armour
 c - a +0 helmet (worn)
 f - a +0 chain mail (worn)
Jewellery
 j - a +6 ring of strength (left hand)
 q - a +6 ring of dexterity
Wands
 t - a wand of iceblast (4)
 w - a wand of digging (7)
Scrolls
 g - a scroll of amnesia {unknown}
 k - 2 scrolls of revelation {unknown}
 m - a scroll of brand weapon {unknown}
 n - 2 scrolls of enchant armour {unknown}
 r - a scroll of fog {unknown}
 s - a scroll of teleportation {unknown}
 v - a scroll of poison {unknown}
Potions
 h - 7 potions of curing
 i - 3 potions of magic
 l - a potion of degeneration
 o - a potion of cancellation
 p - 4 potions of mutation
 u - 3 potions of heal wounds


   Skills:
 - Level 2.0 Fighting
 + Level 8.4 Axes
 - Level 1.7 Throwing
 - Level 2.6 Dodging


You had 6 spell levels left.
You didn't know any spells.
Your spell library contained the following spells:

 Spells                   Type           Power      Damage    Failure   Level
 Apportation              Tloc           0%         N/A       96%         1
 Necrotise                Necr           0%         1d4       96%         1
 Shock                    Conj/Air       0%         1d3       96%         1
 Summon Small Mammal      Summ           0%         N/A       96%         1
 Hailstorm                Conj/Ice       0%         3d3       100%        3
 Ignite Poison            Fire/Tmut/Pois 0%         N/A       100%        3
 Swiftness                Air            0%         N/A       100%        3
 Airstrike                Air            0%         2d(0-16)  100%        4
 Sticky Flame             Conj/Fire      0%         2d3       100%        4
 Dragon Form              Tmut           0%         N/A       100%        7
 Storm Form               Tmut/Air       0%         N/A       100%        7
 Ignition                 Fire           0%         3d3       100%        8


Dungeon Overview and Level Annotations

Branches:
Dungeon (6/15)
 Temple: D:4-7

Altars:
Cheibriados

Shops:
D:1 :   D:3 (

Annotations:
D:6 Blork the orc


Innate Abilities, Weirdness & Mutations

You have a somewhat thin skeletal structure. (Dex +2, Stealth+)
You regenerate health from kills.
Your touch may inflict minor irresistible damage on your foes.


Message History

You closely miss Blork the orc. Your touch misses Blork the orc.
Blork the orc barely misses you.
You hit Blork the orc but do no damage.
You touch Blork the orc!
Blork the orc is moderately wounded.
Blork the orc hits you with a +0 trident.
You hit Blork the orc.
Blork the orc is moderately wounded.
Blork the orc hits you with a +0 trident!
You completely miss Blork the orc.
You touch Blork the orc.
Blork the orc is heavily wounded.
Blork the orc drinks a potion.
Blork the orc is healed!
You hit Blork the orc.
You touch Blork the orc!
Blork the orc is heavily wounded.
You completely miss the water moccasin. The water moccasin bites you.
You are poisoned.
The water moccasin poisons you!
Blork the orc hits you from afar with a +0 trident.
You barely miss the water moccasin.
You feel very sick.
The water moccasin bites you but does no damage.
Blork the orc hits you but does no damage.
The water moccasin bites you but does no damage.
The water moccasin attacks as you move away!
The water moccasin barely misses you.
You feel very sick.
You feel sick. The water moccasin closely misses you.
The water moccasin attacks as you move away!
The water moccasin bites you.
* * * LOW HITPOINT WARNING * * *
You are lethally poisoned!
The water moccasin poisons you!
* * * LOW HITPOINT WARNING * * *
You feel very sick.
There is a stone staircase leading up here.
* * * LOW HITPOINT WARNING * * *
You feel very sick. The water moccasin barely misses you.
Blork the orc closely misses you. The water moccasin barely misses you.
You climb upwards.
You die...

...........##....# #.............
......#######....# #......##....#
......#######....# #.............
...............### #.....>##....#
...............# #......##....#
..<.###.#####..# #............#
..............## #########....#
##............##### #...........#
#............#.@.# #.###.......#
#............#S#.# #.##.).......
#............#.#.###.##......###
###.....#...###.#.....##.......##
.##.######....#.###....#.........
.##.###.....#.#...(..#.#.........
......#.##..#.#####..#.#.........
....#.#.##..#.....#....##........
..#.#.#.....#####.#.#####......##


You could see a water moccasin.

Vanquished Creatures
  Prince Ribbit (D:5)
  A sky beast (D:5)
  An ogre (D:5)
  A phantom (D:5)
  2 hounds
  A gnoll bouda (D:4)
  2 jellies
  An iguana (D:5)
  10 adders
  4 gnolls (D:4)
  An ufetubus (D:5)
  3 worms
  A dart slug (D:1)
  4 orcs (D:5)
  9 endoplasms
  3 giant cockroaches
  3 goblins
  A hobgoblin (D:1)
  2 jackals (D:2)
  9 kobolds
  2 quokkas
  8 ball pythons
  2 bats
  3 frilled lizards (D:1)
  2 rats
77 creatures vanquished.

Notes
Turn   | Place    | Note
-------+----------+-------------------------------------------
     0 | D:1      | Cidec the Demonspawn Gladiator began the quest for the Orb.
     0 | D:1      | Reached XP level 1. HP: 16/16 MP: 1/1
   136 | D:1      | Reached skill level 3 in Axes
   198 | D:1      | Gained mutation: You have a somewhat thin skeletal
                  | structure. (Dex +2, Stealth+) [demonic ancestry]
   198 | D:1      | Reached XP level 2. HP: 22/22 MP: 2/2
   301 | D:1      | Found Daetyxogh's Vocational Training.
   623 | D:2      | Got the Atlas of the Altered Serac
   755 | D:2      | Reached XP level 3. HP: 27/27 MP: 3/3
  1461 | D:2      | Reached skill level 4 in Axes
  1674 | D:3      | Gained mutation: Your touch may inflict minor irresistible
                  | damage on your foes. [demonic ancestry]
  1674 | D:3      | Reached XP level 4. HP: 29/33 MP: 4/4
  1889 | D:3      | Reached skill level 5 in Axes
  2093 | D:3      | Found Butt's Weapon Shop.
  2226 | D:4      | Gained mutation: You regenerate a little health from kills.
                  | [demonic ancestry]
  2226 | D:4      | Reached XP level 5. HP: 29/38 MP: 5/5
  2441 | D:4      | Reached skill level 6 in Axes
  2661 | D:4      | Reached XP level 6. HP: 44/44 MP: 6/6
  2863 | D:5      | Entered Level 5 of the Dungeon
  2868 | D:5      | Noticed a sky beast
  2877 | D:5      | Killed a sky beast
  2879 | D:5      | Noticed Prince Ribbit
  3029 | D:5      | Found a snail-covered altar of Cheibriados.
  3037 | D:5      | Reached skill level 7 in Axes
  3361 | D:5      | Gained mutation: You regenerate health from kills. [demonic
                  | ancestry]
  3361 | D:5      | Reached XP level 7. HP: 44/50 MP: 7/7
  3687 | D:5      | Killed Prince Ribbit
  3688 | D:5      | Reached skill level 8 in Axes
  3923 | D:6      | Noticed Blork the orc
  3939 | D:5      | Succumbed to a water moccasin's poison

Illustrated notes

Levels and vault maps discovered:
D:1:      giann_forest_graveyard, layout_loops_ring, nicolae_shop_vocational
D:2:      layout_basic
D:3:      layout_rooms, serial_shops, nicolae_shop_peninsula,
          minmay_snake_closets
D:4:      layout_loops_cross
D:5:      layout_basic, mainiacjoe_overflow_chevrons, minmay_gold_behind_fungi,
          uniq_prince_ribbit1
D:6:      layout_loops_corners, nicolae_gozag_seed_capital,
          minmay_temple_entry_water_ring, minmay_misc_feat_cross,
          uniq_blork_the_orc

Skill      XL: |  1  2  3  4  5  6  7 |
---------------+----------------------+-----
Axes           | 3 4 5 6 7 8 |  8.4
Fighting       | |  2.0
Throwing       | |  1.7
Dodging        | |  2.6

Action                     |  1- 3 |  4- 6 |  7- 9 || total
---------------------------+-------+-------+-------++-------
  Melee: War axe           |    94 |   101 |    33 ||   228
         Touch             |       |    22 |    11 ||    33
         Punch             |       |     1 |       ||     1
    Use: Potion            |     1 |       |       ||     1
         Scroll            |       |     5 |       ||     5
 Armour: Chain mail        |    63 |    45 |    17 ||   125
  Dodge: Dodged            |    49 |    42 |    16 ||   107

Table legend: (Time is in decaauts)
 A = Elapsed time spent in this place.
 B = Non-inter-level travel time spent in this place.
 C = Inter-level travel time spent in this place.
 D = Time resting spent in this place.
 E = Time spent auto-exploring this place.
 F = Levels seen in this place.
 G = Mean time per level.
                   A        B        C        D        E       F      G
               +--------+--------+--------+--------+--------+-----+--------+
         Total |   3992 |   3824 |    168 |    286 |   2930 |   6 |  665.3 |
       Dungeon |   3992 |   3824 |    168 |    286 |   2930 |   6 |  665.3 |
               +--------+--------+--------+--------+--------+-----+--------+

Top non-repeatable levels by time:
     D:5: 933 daAuts
     D:2: 901 daAuts
     D:4: 826 daAuts
     D:3: 686 daAuts
     D:1: 626 daAuts
     D:6: 17 daAuts
